 Seeded DCSS version 0.32-a0-913-g739538a (webtiles) character file.

Game seed: 3741840556892626594 (custom seed)

370 PurpleRed the Conjurer (level 6, 0/50 (51) HPs)
             Began as a Mountain Dwarf Hexslinger on Apr 8, 2024.
             Slain by an ogre
             ... wielding a +0 giant club
              (11 damage)
             ... on level 4 of the Dungeon.
             The game lasted 00:15:52 (1720 turns).

PurpleRed the Conjurer (Mountain Dwarf Hexslinger)  Turns: 1720, Time: 00:15:52

HP:   0/50 (51)     AC:  5    Str: 11    XL:     6   Next: 42%
MP:   10/10         EV: 10    Int: 15    God:
Gold: 177           SH:  0    Dex: 12    Spells: 9/11 levels left

rFire   . . .        a - +2 sling
rCold   . . .        (no shield)
rNeg    . . .        p - +0 leather armour
rPois   +            d - +1 helmet
rElec   .            (no cloak)
rCorr   .            (no gloves)
SInv    .            (no boots)
Will    .....        (no amulet)
Stlth   +            g - ring of poison resistance
HPRegen 0.28/turn    (no ring)
MPRegen 0.12/turn

%: no passive effects
@: lightly drained
A: runic magic, artefact enchanting
a: no special abilities


You were on level 4 of the Dungeon.
You visited 1 branch of the dungeon, and saw 4 of its levels.

You collected 177 gold pieces.

Inventory:

Hand Weapons
 a - a +2 sling (weapon)
 h - a +0 hand axe
 l - a +2 dagger of draining
Missiles
 j - 5 boomerangs
Armour
 c - a +0 robe
 d - a +1 helmet (worn)
 k - a +0 ring mail
 p - a +0 leather armour (worn)
 q - a +0 ring mail
Jewellery
 g - a ring of poison resistance (left hand)
Wands
 o - a wand of charming (5)
Scrolls
 b - a scroll of poison
 s - a scroll of amnesia {unknown}
Potions
 e - a potion of cancellation {unknown}
 f - 2 potions of curing
 i - a potion of magic {unknown}
 m - a potion of enlightenment {unknown}
 n - 2 potions of brilliance {unknown}
 r - a potion of mutation


   Skills:
 - Level 3.0 Fighting
 - Level 1.5 Ranged Weapons
 - Level 1.3 Dodging
 + Level 3.1 Spellcasting
 * Level 3.4 Conjurations
 - Level 3.0 Hexes
 + Level 3.2 Fire Magic


You had 9 spell levels left.
You knew the following spells:

 Your Spells              Type           Power      Damage    Failure   Level
a - Jinxbite              Hex            22%        N/A       10%         2

Your spell library contained the following spells:

 Spells                   Type           Power      Damage    Failure   Level
 Inner Flame              Hex/Fire       11%        N/A       19%         3
 Sigil of Binding         Hex            11%        N/A       19%         3
 Hailstorm                Conj/Ice       7%         3d5       30%         3
 Cause Fear               Hex            5%         N/A       52%         4
 Summon Ice Beast         Ice/Summ       2%         N/A       54%         3
 Dimensional Bullseye     Hex/Tloc       3%         N/A       75%         4
 Permafrost Eruption      Ice/Erth       1%         2x4d1     100%        6
 Sculpt Simulacrum        Ice/Alch       1%         N/A       100%        6


Dungeon Overview and Level Annotations

Branches:
Dungeon (4/15)             Temple (0/1) D:4

Altars:


Innate Abilities, Weirdness & Mutations

Your spellcasting is much less encumbered by armour.
You can use scrolls of enchantment on lesser artefacts.


Message History

You shoot a sling bullet. The sling bullet hits the dart slug.
The dart slug is moderately wounded.
A giggling sprite leaps out and makes the dart slug trip over its own underside.
The dart slug is severely wounded.
Fire: a) +2 sling
Press: ? - help, Q - select action, (/) - cycle Shift-Dir - straight line, f/p - dart slug
Aim: a dart slug (severely wounded, heavily drained, chance to call a sprite on attack: 62%, 93% to hit)
You shoot a sling bullet. The sling bullet hits the dart slug!
You kill the dart slug!
The jinxing sprites lose interest in you.
The sprites lose interest in your situation.
Found a ruby potion.
Found a scroll of identify.
r - a ruby potion You feel your willpower return.
s - a scroll of identify
As you read the scroll of identify, it crumbles to dust.
r - a potion of mutation
Found a scroll labelled LOUGGI HUQI URAH.
Found a staircase to the Ecumenical Temple.
s - a scroll labelled LOUGGI HUQI URAH An ogre comes into view.
It is wielding a +0 giant club.
The ogre shouts!
The ogre attacks as it pursues you!
The ogre hits you with a +0 giant club!!
Aiming: Charm
Press: ? - help, Shift-Dir - straight line, f - ogre
Aim: an ogre, wielding a +0 giant club (chance to affect: 49%)
The ogre resists with some effort.
Aiming: Charm
Press: ? - help, Shift-Dir - straight line, f/p - ogre
Aim: an ogre, wielding a +0 giant club (chance to affect: 49%)
The ogre resists with some effort.
The ogre hits you with a +0 giant club!!
* * * LOW HITPOINT WARNING * * *
Aiming: Charm
Press: ? - help, Shift-Dir - straight line, f/p - ogre
Aim: an ogre, wielding a +0 giant club (chance to affect: 49%)
The ogre resists with some effort.
The ogre hits you with a +0 giant club!
You die...

*,*,* *,* *,,,,,,,,,*
*,*,***+***,,,,,,*#.#
*,*,,,+_***,,,,,,*#.#
*,,,***+***,,,,,,*#.# *,*,*
*,* *,,,,,,*#.#
*,,,***,***,,,,,,*#.# #####
*>*,,,,,,,,,,,,,,*#.# #...#
#
*,,,,***.##########.###<#.#
# **,,***
*.......@O.........# #
*,,,*****##.####.###.###.#.#
## ,,,*,*,,,,,,*
#.#...##.#..#####.
*,,,,,,,,**,*
#.#.#...###...O...
**,***,*,**,*
#.#.#.##.#.>#####.
,,,,,,,,,**,*
#.............>...
**,***,,,,*,*
#..............##.
*,*,,,,,,,,*
#.#.#..####.##$##.
*,*,*,,,,******,*,#.,*
#.##.##.


You could see an ogre.

Vanquished Creatures
  Grinder (D:3)
  An iguana (D:3)
  Robin (D:3)
  6 adders
  2 dart slugs
  2 ribbon worms
  2 orcs
  7 bats
  4 endoplasms
  3 giant cockroaches
  18 goblins
  6 hobgoblins
  4 kobolds
  A quokka (D:1)
  7 ball pythons
  2 frilled lizards (D:1)
  9 rats
76 creatures vanquished.

Notes
Turn   | Place    | Note
-------+----------+-------------------------------------------
     0 | D:1      | PurpleRed the Mountain Dwarf Hexslinger began the quest for
                  | the Orb.
     0 | D:1      | Reached XP level 1. HP: 16/16 MP: 2/2
   104 | D:1      | Reached XP level 2. HP: 23/23 MP: 4/4
   223 | D:2      | Learned a level 2 spell: Jinxbite
   484 | D:3      | Found a faded altar of an unknown god.
   553 | D:2      | Reached XP level 3. HP: 28/30 MP: 3/6
   829 | D:1      | Reached XP level 4. HP: 37/38 MP: 7/7
  1191 | D:3      | Noticed Grinder
  1199 | D:3      | Paralysed by Grinder for 4 turns
  1207 | D:3      | Paralysed by Grinder for 5 turns
  1225 | D:3      | Killed Grinder
  1226 | D:3      | Reached XP level 5. HP: 35/45 MP: 7/9
  1226 | D:3      | Reached XP level 6. HP: 40/51 MP: 7/10
  1285 | D:3      | Noticed Robin
  1300 | D:3      | Killed Robin
  1687 | D:4      | Found a staircase to the Ecumenical Temple.
  1720 | D:4      | Slain by an ogre

Illustrated notes

Levels and vault maps discovered:
D:1:      ncdulo_halloftheorcs, layout_loops_ring
D:2:      layout_loops_ring, grunt_ministairs_1, chequers_serial_rivers_room_a
D:3:      layout_loops_ring, hellmonk_ecumenical_altar_leap_of_faith,
          grunt_ministairs_3, lemuel_flame_loot_1, uniq_grinder, uniq_robin
D:4:      layout_loops_ring, lemuel_doored_altar,
          minmay_temple_entry_statues_fountains, grunt_decor_junction

Skill      XL: |  1  2  3  4 |
---------------+-------------+-----
Spellcasting   | 2 3 |  3.1
Fighting       | 2 3 |  3.0
Fire Magic     | 3 |  3.2
Conjurations   | 3 |  3.4
Ranged Weapons | |  1.5
Dodging        | |  1.3
Hexes          | |  3.0

Action                     |  1- 3 |  4- 6 || total
---------------------------+-------+-------++-------
   Fire: Sling             |   111 |   123 ||   234
   Cast: Jinxbite          |     7 |     6 ||    13
  Evoke: Wand              |       |     3 ||     3
    Use: Scroll            |       |     6 ||     6
 Armour: Robe              |    44 |    19 ||    63
         Leather armour    |       |    18 ||    18
  Dodge: Dodged            |    51 |    35 ||    86

Table legend: (Time is in decaauts)
 A = Elapsed time spent in this place.
 B = Non-inter-level travel time spent in this place.
 C = Inter-level travel time spent in this place.
 D = Time resting spent in this place.
 E = Time spent auto-exploring this place.
 F = Levels seen in this place.
 G = Mean time per level.
                   A        B        C        D        E       F      G
               +--------+--------+--------+--------+--------+-----+--------+
         Total |   1799 |   1769 |     30 |      0 |     14 |   4 |  449.8 |
       Dungeon |   1799 |   1769 |     30 |      0 |     14 |   4 |  449.8 |
               +--------+--------+--------+--------+--------+-----+--------+

Top non-repeatable levels by time:
     D:1: 732 daAuts
     D:3: 535 daAuts
     D:2: 302 daAuts
     D:4: 228 daAuts
